 Dungeon Crawl Stone Soup version 0.22-a0-617-g6d95e9e (webtiles) character file.

505 Amnesiac the Magician (level 6, -4/39 HPs)
             Began as a Deep Elf Wizard on July 12, 2018.
             Was an Initiate of Vehumet.
             Slain by a gnoll sergeant
             ... wielding a +0 antimagic trident
              (15 damage)
             ... on level 4 of the Dungeon.
             The game lasted 00:06:55 (4048 turns).

Amnesiac the Magician (Deep Elf Wizard)             Turns: 4048, Time: 00:06:56

Health: -4/39      AC:  5    Str:  3 (4)  XL:     6   Next: 96%
Magic:  0/14       EV: 14    Int: 27 (28) God:    Vehumet [......]
Gold:   169        SH:  0    Dex: 12 (13) Spells: 4/14 levels left

rFire    . . .     SeeInvis +   b - +0 dagger
rCold    . . .     Gourm    .   (no shield)
rNeg     . . .     Faith    .   a - +0 robe
rPois    .         Spirit   .   i - +1 helmet {Int+3}
rElec    .         Reflect  .   (no cloak)
rCorr    .         Harm     .   y - +0 pair of gloves
MR       .....                  (no boots)
Stlth    ++........             (no amulet)
HPRegen  0.13/turn              c - ring of see invisible (curse)
MPRegen  0.14/turn              (no ring)

@: lethally poisoned (-4 -> -8)
A: no striking features
a: Renounce Religion


You were on level 4 of the Dungeon.
You worshipped Vehumet.
Vehumet was noncommittal.
You were hungry.

You visited 2 branches of the dungeon, and saw 6 of its levels.

You collected 169 gold pieces.

Inventory:

Hand Weapons
 b - a +0 dagger (weapon)
 r - a +0 whip of venom
Armour
 a - a +0 robe (worn)
 i - a +1 helmet of intelligence (worn)
 y - a +0 pair of gloves (worn)
Jewellery
 c - a cursed ring of see invisible (left hand)
Scrolls
 e - a scroll of random uselessness {!r, unknown}
 g - 3 scrolls of immolation {!r}
 h - a scroll of noise {!r, unknown}
 j - a scroll of fog {!r, unknown}
 m - a scroll of fear {!r, unknown}
 o - a scroll of blinking {!r, unknown}
 q - 2 scrolls of teleportation {!r, unknown}
 t - 3 scrolls of identify {!r, unknown}
 v - a scroll of magic mapping {!r, unknown}
 w - 2 scrolls of amnesia {!r}
Potions
 f - a potion of mutation {!q, unknown}
 k - 2 potions of resistance {!q, unknown}
 l - 2 potions of degeneration {!q}
 n - a potion of magic {!q, unknown}
 p - a potion of curing {!q, unknown}
 u - a potion of might {!q, unknown}
 x - 2 potions of heal wounds {!q, unknown}
Comestibles
 d - 6 rations
 s - 2 chunks of flesh


   Skills:
 * Level 4.3 Fighting
 + Level 4.3 Dodging
 - Level 2.4 Stealth
 - Level 4.5 Spellcasting
 - Level 4.0 Conjurations
 - Level 1.1 Summonings
 - Level 1.1 Translocations


You had 4 spell levels left.
You knew the following spells:

 Your Spells              Type           Power        Failure   Level  Hunger
b - Call Imp              Summ           ##......     8%          2    None
e - Mephitic Cloud        Conj/Pois/Air  ##......     13%         3    ##.....
s - Conjure Flame         Conj/Fire      ###.....     10%         3    ##.....
v - Blink                 Tloc           N/A          8%          2    None

Your spell library contained the following spells:

 Spells                   Type           Power        Failure   Level  Hunger
 Magic Dart               Conj           ####         1%          1    None
 Slow                     Hex            #.......     12%         2    None


Dungeon Overview and Level Annotations

Branches:
Dungeon (5/15)             Temple (1/1) D:5

Altars:
Ashenzari
Cheibriados
Dithmenos
Fedhas
Hepliaklqana
Makhleb
Nemelex Xobeh
Okawaru
Qazlal
Ru
Sif Muna
Trog
Uskayaw
Vehumet
Yredelemnul
Zin
The Shining One


Message History

The gnoll shaman hits you but does no damage.
You are more poisoned.
Casting: Magic Dart (safe; 1% risk of failure)
Confirm with . or Enter, or press ? or * to list all spells.
Aiming: Magic Dart (safe; 1% risk of failure)
Press: ? - help, Shift-Dir - straight line, f/p - gnoll shaman
Aim: a gnoll shaman, wielding a whip of venom and wearing a robe (severely wounded)
The magic dart hits the gnoll shaman.
You kill the gnoll shaman!
Vehumet accepts your kill.
You feel sick.
Casting: Magic Dart (safe; 1% risk of failure)
Confirm with . or Enter, or press ? or * to list all spells.
Aiming: Magic Dart (safe; 1% risk of failure)
Press: ? - help, Shift-Dir - straight line, f - gnoll sergeant
Aim: a gnoll sergeant, wielding an antimagic trident and wearing a scale mail (heavily wounded, fast, confused)
The magic dart hits the gnoll sergeant.
The gnoll sergeant is heavily wounded.
You feel sick.
The gnoll sergeant shouts, "What's happening?!"
Casting: Magic Dart (safe; 1% risk of failure)
Confirm with . or Enter, or press ? or * to list all spells.
You don't have enough magic to cast that spell.
Casting: Magic Dart (safe; 1% risk of failure)
Confirm with . or Enter, or press ? or * to list all spells.
You don't have enough magic to cast that spell.
You feel sick.
Things that are here:
a whip of venom; a robe
r - a whip of venom You feel sick.
The gnoll sergeant barely misses you.
You feel sick.
You feel sick.
The gnoll sergeant seems less confused.
Some of the chunks of flesh in your inventory have rotted away.
You feel sick. The gnoll sergeant closely misses you.
Press: ? - help, v - describe, . - travel
Here: a gnoll sergeant, wielding an antimagic trident and wearing a scale mail (heavily wounded, fast)
The floor.
You feel sick.
You feel sick.
The gnoll sergeant hits you from afar with an antimagic trident.
You feel your power leaking away.
Really read
g - 4 scrolls labeled ESKOMAN ZOTO {!r}?
As you read the scroll labeled ESKOMAN ZOTO {!r}, it crumbles to dust.
The creatures around you are filled with an inner flame!
It was a scroll of immolation {!r}.
The gnoll sergeant misses you.
Really read
w - 3 scrolls labeled GICICLAATT {!r}?
As you read the scroll labeled GICICLAATT {!r}, it crumbles to dust.
It is a scroll of amnesia.
Your memory of Magic Dart unravels.
You feel sick.
The gnoll sergeant hits you from afar with an antimagic trident.
* * * LOW HITPOINT WARNING * * *
You feel your power leaking away.
The gnoll sergeant hits you from afar with an antimagic trident.
* * * LOW HITPOINT WARNING * * *
Okay, then.
Okay, then.
Really quaff
l - 3 sapphire potions {!q}?
It was a potion of degeneration {!q}.
There was something very wrong with that liquid.
You feel weakened.
You feel dopey.
You feel clumsy.
The gnoll sergeant hits you from afar with an antimagic trident!
You die...

.###.#.....#+###.#......#.#
..##.#+#...#.# #.#.####.#.#
#.........##.# #.#.# ##.#.#
##........'..# #.#.###..#.#
##........####
#.#.#....#.#######
####+###+##
#.#.#.#........... # #.# #.#
#.#.#<##...####### #.# #.#
#.#.####..........
####.###.###
#@#........#######
...........## #.#######..###
####.###.#..####g...........#
.........[......g.......>.#.#
####.#.._#...#.############.#
#.#.#.#...#.# #.#
#.#.#.#.#.#.# #.#
#.#...#.#..[# #.#
####.#.###.#..g# #.#


You could see a gnoll sergeant (inner flame) and a gnoll.

Vanquished Creatures
  A phantom (D:4)
  A centaur (D:4)
  A bullfrog zombie (D:5)
  A hound (D:4)
  A bullfrog skeleton (D:5)
  A gnoll shaman (D:4)
  An orc wizard (D:5)
  A worker ant (D:4)
  A hound skeleton (D:4)
  5 gnolls (D:4)
  2 adders (D:2)
  An ooze (D:5)
  An adder skeleton (D:4)
  A worm (D:4)
  2 leopard geckos (D:5)
  2 orcs (D:5)
  6 bats
  2 giant cockroaches
  6 goblins
  5 hobgoblins (D:2)
  13 jackals
  5 kobolds
  2 quokkas
  4 frilled lizards
  A leopard gecko skeleton (D:4)
  9 rats
76 creatures vanquished.

Vanquished Creatures (collateral kills)
  A worker ant (D:4)
  A worm (D:2)
2 creatures vanquished.

Grand Total: 78 creatures vanquished

Notes
Turn   | Place    | Note
-------+----------+-------------------------------------------
     0 | D:1      | Amnesiac the Deep Elf Wizard began the quest for the Orb.
     0 | D:1      | Reached XP level 1. HP: 10/10 MP: 7/7
   147 | D:2      | Reached XP level 2. HP: 7/16 MP: 1/9
   151 | D:2      | Learned a level 2 spell: Call Imp
   154 | D:2      | Learned a level 2 spell: Blink
   520 | D:2      | Reached skill level 1 in Fighting
   644 | D:2      | Reached XP level 3. HP: 20/20 MP: 8/11
   649 | D:2      | Learned a level 3 spell: Conjure Flame
   653 | D:2      | Learned a level 3 spell: Mephitic Cloud
   746 | D:4      | Found a hide-covered altar of Uskayaw.
   978 | D:4      | Found a burning altar of Makhleb.
  1014 | D:4      | Reached XP level 4. HP: 25/25 MP: 5/12
  1220 | D:4      | Noticed a phantom
  1277 | D:4      | Killed a phantom
  1277 | D:4      | Reached XP level 5. HP: 12/32 MP: 0/13
  1549 | D:5      | Entered Level 5 of the Dungeon
  1549 | D:5      | Found a bloodstained altar of Trog.
  1625 | D:5      | Reached XP level 6. HP: 35/37 MP: 5/14
  1766 | D:5      | Found a staircase to the Ecumenical Temple.
  1823 | Temple   | Entered the Ecumenical Temple
  2023 | Temple   | Became a worshipper of Vehumet
  3010 | D:2      | Found a glowing golden altar of the Shining One.
  4048 | D:4      | Slain by a gnoll sergeant

Vault maps used:
D:1:      dpeg_arrival_boxes_within_box, grunt_decor_clamped, kennysheep_boxes
D:2:      kennysheep_six_static_rooms, tso_oasis_becter, first_ration
D:4:      lemuel_castle_with_subvaults, nicolae_overflow_crystal_walls,
          overflow_temple_1_default
D:5:      old_standard_altar, kiku_gazebo_garden_becter,
          overflow_temple_1_default, temple_pool_b
Temple:   nicolae_temple_figure_eight

Skill      XL: |  1  2  3  4  5  6 |
---------------+-------------------+-----
Conjurations   | 2 3 4 |  4.0
Fighting       | 1 3 4 |  4.3
Dodging        | 3 4 |  4.3
Stealth        | |  2.4
Spellcasting   | |  4.5
Summonings     | |  1.1
Translocations | |  1.1

Action                   |  1- 3 |  4- 6 || total
-------------------------+-------+-------++-------
Melee: Dagger            |     6 |     7 ||    13
 Cast: Magic Dart        |    59 |   113 ||   172
       Call Imp          |     7 |       ||     7
       Mephitic Cloud    |       |     5 ||     5
       Conjure Flame     |       |     2 ||     2
Evoke: Wand              |       |     2 ||     2
  Use: Scroll            |       |     2 ||     2
       Potion            |       |     1 ||     1
 Stab: Sleeping          |     2 |       ||     2
  Eat: Chunk             |       |     9 ||     9
Armor: Robe              |     5 |     8 ||    13
Dodge: Dodged            |     8 |    25 ||    33

Table legend:
 A = Spawn XP
 B = Non-spawn XP
 C = Spawn XP percentage of total XP
 D = Spawn monster count
 E = Non-spawn monster count
 F = Spawn count percentage of total count
 G = Total turns spent on level
                    A         B        C        D         E        F      G
               +---------+---------+-------+---------+---------+-------+---------
         Total |       0 |     722 |   0.0 |       0 |      78 |   0.0 |  4048
               +---------+---------+-------+---------+---------+-------+---------
           D:1 |       0 |      36 |   0.0 |       0 |      23 |   0.0 |   974
           D:2 |       0 |      62 |   0.0 |       0 |      23 |   0.0 |  1046
           D:3 |       0 |       6 |   0.0 |       0 |       4 |   0.0 |   386
           D:4 |       0 |     469 |   0.0 |       0 |      18 |   0.0 |  1112
           D:5 |       0 |     149 |   0.0 |       0 |      10 |   0.0 |   310
               +---------+---------+-------+---------+---------+-------+---------
